 Dungeon Crawl Stone Soup version 0.25-a0-667-gb977e01cb5 (webtiles) character file.

Game seed: 16041299265900520220, levelgen mode: deterministic

22742 Grizz the Cleaver (level 12, -13/110 HPs)
             Began as a Minotaur Fighter on Mar 25, 2020.
             Was an Elder of the Shining One.
             Mangled by a profane servitor
             ... wielding a +1 whip
              (14 damage)
             ... on level 3 of the Abyss on Mar 27, 2020.
             The game lasted 00:32:18 (16174 turns).

Grizz the Cleaver (Minotaur Fighter)               Turns: 16174, Time: 00:32:19

Health: -13/110    AC: 20    Str: 26    XL:     12   Next: 65%
Magic:  11/11      EV: 10    Int:  7    God:    the Shining One [****..]
Gold:   653        SH:  0    Dex: 10    Spells: 11/11 levels left

rFire    . . .     SeeInvis .   I - +3 halberd (flame)
rCold    . . .     Gourm    .   (shield currently unavailable)
rNeg     + + .     Faith    .   B - +0 plate armour
rPois    .         Spirit   .   t - +1 hat
rElec    .         Reflect  .   m - +0 cloak
rCorr    +         Harm     .   r - +1 pair of gloves
MR       .....                  (no boots)
Stlth    ..........             (no amulet)
HPRegen  0.28/turn              b - +2 ring of intelligence
MPRegen  0.12/turn              o - ring of resist corrosion

@: no status effects
A: retaliatory headbutt, horns 2
a: Divine Shield, Cleansing Flame, Renounce Religion


You were on level 3 of the Abyss.
You worshipped the Shining One.
The Shining One was greatly pleased with you.
You were not hungry.

You visited 3 branches of the dungeon, and saw 15 of its levels.
You visited the Abyss 1 time.

You collected 653 gold pieces.

Inventory:

Hand Weapons
 z - a +5 eveningstar of holy wrath
 I - a +3 halberd of flaming (weapon)
Armour
 c - a +0 kite shield
 m - a +0 cloak (worn)
 r - a +1 pair of gloves (worn)
 t - a +1 hat (worn)
 B - a +0 plate armour (worn)
 F - +0 acid dragon scales
 G - +0 steam dragon scales
Jewellery
 b - a +2 ring of intelligence (left hand)
 l - an uncursed ring of flight
 o - a ring of resist corrosion (right hand)
 K - an uncursed ring of ice
Wands
 k - a wand of flame (54)
 v - a wand of acid (9)
 x - a wand of enslavement (5)
 A - a wand of polymorph (9)
 J - a wand of iceblast (11)
Scrolls
 e - 3 scrolls of enchant armour
 g - a scroll of magic mapping
 i - 2 scrolls of amnesia
 j - 2 scrolls of fog
 n - 8 scrolls of teleportation
 s - 2 scrolls of fear
 w - 6 scrolls of remove curse
 y - 3 scrolls of summoning
 D - a scroll of silence
 E - 5 scrolls of identify
Potions
 d - 3 potions of might
 p - 3 potions of flight
 q - 3 potions of brilliance
 u - a potion of cancellation
 H - 2 potions of haste
Comestibles
 f - 35 rations


   Skills:
 + Level 11.5 Fighting
   Level 12.5(14.3) Axes
 + Level 12.0(14.0) Polearms
 + Level 11.4 Armour
 + Level 5.5 Dodging
 + Level 2.5 Stealth
 + Level 8.7 Shields


You had 11 spell levels left.
You didn't know any spells.
Your spell library contained the following spells:

 Spells                   Type           Power        Failure   Level  Hunger
 Animate Skeleton         Necr           N/A          99%         1    ##.....
 Beastly Appendage        Tmut           #.....       99%         1    ##.....
 Freeze                   Ice            #...         99%         1    ##.....
 Pain                     Necr           #...         99%         1    ##.....
 Sticks to Snakes         Tmut           #.......     99%         2    ###....
 Frozen Ramparts          Ice            #.....       100%        3    ####...
 Ozocubu's Armour         Chrm/Ice       #.......     100%        3    ####...
 Spider Form              Tmut/Pois      #.........   100%        3    ####...
 Vampiric Draining        Necr           #.........   100%        3    ####...
 Animate Dead             Necr           N/A          100%        4    #####..
 Hailstorm                Conj/Ice       #.......     100%        4    #####..
 Ice Form                 Ice/Tmut       #.......     100%        4    #####..
 Summon Ice Beast         Ice/Summ       #.......     100%        4    #####..
 Agony                    Necr           #.......     100%        5    ######.
 Blade Hands              Tmut           #.........   100%        5    ######.


Dungeon Overview and Level Annotations

Branches:
Dungeon (11/15)            Temple (1/1) D:6            Lair (3/6) D:8
 Shoals (0/4) Lair:2          Orc (0/2) D:10
  Snake: Lair:2-4    Spider: Lair:2-4

Altars:
Ashenzari
Cheibriados
Dithmenos
Elyvilon
Fedhas
Gozag
Hepliaklqana
Kikubaaqudgha
Makhleb
Nemelex Xobeh
Okawaru
Qazlal
Ru
Sif Muna
Trog
Uskayaw
Vehumet
Wu Jian
Xom
Yredelemnul
Zin
The Shining One

Annotations:
D:10 Sonja
Lair:1 3 runed translucent doors, exclusion: oklob plant, erdraug's ghost, novice TeAE; sixsigma's ghost, novice GnWz; t4s4d4r's ghost, journeyman OgEE


Innate Abilities, Weirdness & Mutations

You reflexively headbutt those who attack you in melee.
You have a pair of horns on your head.


Message History

The profane servitor closely misses you.
You are too injured to fight recklessly!
You are too injured to fight recklessly!
You are too injured to fight recklessly!
You are too injured to fight recklessly!
Unknown command.
You miss the profane servitor.
The profane servitor is lightly damaged.
The profane servitor hits you but does no damage.
The profane servitor closely misses you.
You hit the profane servitor. You burn the profane servitor.
Your headbutt misses the profane servitor.
The profane servitor is lightly damaged.
The profane servitor hits you but does no damage.
The profane servitor hits you with a +1 whip.
* * * LOW HITPOINT WARNING * * *
You closely miss the profane servitor.
The profane servitor is lightly damaged.
The profane servitor hits you with a +1 whip!
You die...

#### #..# # #..# #
#######..#
..........# # .
...h.h.A@# #.
..........# #
............. . .
...........# .. .
.............. # .
..##......#.... #
.....##............
. (.. .
.....#.#..... .
...... . .


You could see a profane servitor and 2 raiju.

Vanquished Creatures
  A hydra (D:8)
  Fannar (D:11)
  3 two-headed ogres
  Urug (D:11)
  A lindwurm (Lair:2)
  2 ugly things (D:11)
  A manticore (D:11)
  4 elephants (Lair:1)
  A guardian serpent (D:11)
  5 spiny frogs
  Maggie (D:8)
  A centaur skeleton (D:11)
  Psyche (D:11)
  A komodo dragon (D:8)
  An ancient zyme (Abyss:2)
  A hellwing (Abyss:2)
  A troll (D:9)
  Grinder (D:4)
  13 blink frogs
  5 hippogriffs
  15 yaks
  3 wyverns
  A steam dragon (D:8)
  A spatial vortex (Abyss:2)
  2 hungry ghosts
  An acid dragon (D:11)
  3 water moccasins (Lair:1)
  3 porcupines
  3 orc warriors
  A black bear (D:8)
  3 sky beasts
  3 ice beasts
  3 ogres
  A phantom (D:8)
  3 wolves (Lair:2)
  3 necrophages
  5 centaurs
  6 crocodiles
  3 big kobolds
  A gnoll sergeant (D:8)
  8 bullfrogs
  2 scorpions
  3 killer bees (D:10)
  2 crimson imps
  2 bullfrog zombies
  4 howler monkeys
  8 hounds
  3 jellies
  8 orc wizards
  8 orc priests
  2 bullfrog skeletons
  2 iguanas
  6 worker ants
  A hound skeleton (D:5)
  A howler monkey zombie (D:8)
  A worker ant zombie (D:10)
  4 gnolls (D:8)
  5 adders
  2 shadow imps
  2 adder skeletons
  2 dart slugs (D:1)
  6 leopard geckos
  43 orcs
  5 giant cockroaches
  12 goblins
  8 hobgoblins
  21 jackals
  17 kobolds
  5 quokkas
  2 ball pythons
  5 bats (D:3)
  6 frilled lizards
  A leopard gecko zombie (D:5)
  A quokka skeleton (D:5)
  10 rats
  2 fungi (Lair:1)
330 creatures vanquished.

Vanquished Creatures (others)
  A fungus (Lair:1)
  3 plants (Lair:1)
  4 withered plants (Lair:1)
8 creatures vanquished.

Grand Total: 338 creatures vanquished

Notes
Turn   | Place    | Note
-------+----------+-------------------------------------------
     0 | D:1      | Grizz the Minotaur Fighter began the quest for the Orb.
     0 | D:1      | Reached XP level 1. HP: 19/19 MP: 0/0
   164 | D:1      | Reached XP level 2. HP: 26/27 MP: 1/1
   489 | D:1      | Reached XP level 3. HP: 33/33 MP: 2/2
  1447 | D:2      | Noticed a bullfrog
  1455 | D:2      | Killed a bullfrog
  1455 | D:2      | Reached XP level 4. HP: 35/40 MP: 3/3
  2053 | D:3      | Found a white marble altar of Elyvilon.
  2080 | D:3      | Reached XP level 5. HP: 46/46 MP: 4/4
  2135 | D:3      | Reached skill level 1 in Dodging
  2135 | D:3      | Reached skill level 5 in Shields
  2939 | D:4      | Noticed Grinder
  2954 | D:4      | Killed Grinder
  2954 | D:4      | Reached XP level 6. HP: 38/53 MP: 5/5
  3525 | D:5      | Entered Level 5 of the Dungeon
  3525 | D:5      | Noticed an ice beast
  3546 | D:5      | Killed an ice beast
  3546 | D:5      | Reached skill level 5 in Armour
  3546 | D:5      | Reached XP level 7. HP: 27/60 MP: 6/6
  3634 | D:5      | Reached skill level 5 in Fighting
  3768 | D:5      | Upgraded the game from 0.25-a0-663-gace7076f2c to
                  | 0.25-a0-667-gb977e01cb5
  3877 | D:5      | Reached XP level 8. HP: 51/68 MP: 7/7
  4000 | D:5      | Found a blossoming altar of Fedhas.
  4230 | D:6      | Found a staircase to the Ecumenical Temple.
  4243 | Temple   | Entered the Ecumenical Temple
  4298 | Temple   | Became a worshipper of the Shining One
  5616 | D:7      | Noticed a hippogriff
  5631 | D:7      | Killed a hippogriff
  6365 | D:8      | Reached XP level 9. HP: 75/75 MP: 8/8
  6381 | D:8      | Reached skill level 1 in Stealth
  6481 | D:8      | Reached * piety under the Shining One
  6491 | D:8      | Noticed Maggie
  6507 | D:8      | Killed Maggie
  6623 | D:8      | Reached skill level 10 in Axes
  7190 | D:8      | Noticed a komodo dragon
  7198 | D:8      | Killed a komodo dragon
  7728 | D:8      | Found a staircase to the Lair.
  7801 | Lair:1   | Entered Level 1 of the Lair of Beasts
  7818 | Lair:1   | Reached XP level 10. HP: 46/86 MP: 9/9
  7836 | Lair:1   | HP: 3/86 [blink frog (15)]
  8367 | Lair:1   | Noticed a spiny frog
  8367 | Lair:1   | Reached ** piety under the Shining One
  8397 | Lair:1   | Found a runed translucent gate.
  8398 | Lair:1   | Found a runed translucent gate.
  8399 | Lair:1   | Found a runed translucent gate.
  8430 | Lair:1   | Noticed a four-headed hydra
  8555 | D:8      | Killed a one-headed hydra
  8668 | Lair:1   | Reached skill level 1 in Polearms
  9075 | Lair:1   | Noticed an oklob plant
  9079 | Lair:1   | Noticed a spiny frog
  9087 | Lair:1   | Killed a spiny frog
  9311 | Lair:1   | Reached XP level 11. HP: 41/95 MP: 10/10
  9758 | Lair:1   | Reached skill level 5 in Polearms
 10064 | Lair:1   | Noticed t4s4d4r's ghost (journeyman OgEE)
 10064 | Lair:1   | Noticed erdraug's ghost (novice TeAE)
 10064 | Lair:1   | Noticed sixsigma's ghost (novice GnWz)
 10457 | Lair:1   | Reached skill level 5 in Dodging
 10459 | Lair:1   | HP: 3/97 [yak (12)]
 11278 | Lair:1   | Reached skill level 10 in Armour
 11581 | Lair:2   | Found a staircase to the Shoals.
 11589 | Lair:2   | Noticed a lindwurm
 11598 | Lair:2   | Killed a lindwurm
 12023 | Lair:2   | Reached skill level 10 in Fighting
 12858 | D:9      | Noticed a two-headed ogre
 12865 | D:9      | Killed a two-headed ogre
 13209 | D:9      | Reached *** piety under the Shining One
 13209 | D:9      | Reached XP level 12. HP: 89/108 MP: 11/11
 13692 | D:10     | Entered Level 10 of the Dungeon
 13789 | D:10     | Found a staircase to the Orcish Mines.
 13977 | D:10     | Noticed Sonja
 13987 | D:10     | HP: 5/108 [poisoned by Sonja (curare-tipped dart)]
 14286 | D:11     | Noticed Urug
 14302 | D:11     | Reached skill level 10 in Polearms
 14303 | D:11     | Killed Urug
 14870 | D:11     | Noticed a two-headed ogre
 14879 | D:11     | Killed a two-headed ogre
 15038 | D:11     | Noticed a two-headed ogre
 15047 | D:11     | Killed a two-headed ogre
 15182 | D:11     | Noticed Psyche
 15186 | D:11     | Killed Psyche
 15411 | D:11     | Noticed Fannar
 15417 | D:11     | Killed Fannar
 15956 | D:10     | Cast into level 2 of the Abyss (Sonja)
 16017 | Abyss:2  | Reached **** piety under the Shining One
 16161 | Abyss:3  | Noticed a profane servitor
 16171 | Abyss:3  | HP: 4/110 [profane servitor/+1 whip (15)]
 16173 | Abyss:3  | HP: 1/110 [profane servitor/+1 whip (3)]
 16174 | Abyss:3  | Mangled by a profane servitor

Levels and vault maps discovered:
D:1:      minmay_arrival_stone_box, layout_loops_corners, st_stairs_4,
          minmay_hexomino_c4
D:2:      layout_basic, minmay_misc_feat_plants
D:3:      layout_basic, first_ration, elyvilon_altar_4
D:4:      layout_loops_ring, uniq_grinder
D:5:      layout_rooms, fedhas_altar_1, serial_glass, glass_columns_b,
          glass_columns_a, minmay_small_thing
D:6:      layout_loops_corners, minmay_temple_entry_grid
D:7:      layout_basic
D:8:      layout_loops_ring, erik_lair_dragon, uniq_maggie
D:9:      layout_small_grid
D:10:     layout_irregular_city, david_orc_3, uniq_sonja
D:11:     layout_irregular_city, blue_anna_alchemist [blue_anna_fruit_fields,
          blue_anna_fruit_fields], nrook_guardian_serpent_ordinary, uniq_psyche,
          uniq_fannar, uniq_urug
Temple:   minmay_crystal_snake_temple
Lair:1:   layout_regular_city, gammafunk_ghost_cemetery, serial_bayou_pond_d,
          infiniplex_staircase_pool_2, minmay_lair_oklob_chamber,
          serial_bayou_shore_b, lemuel_fruit_tree
Lair:2:   layout_gridlike, shoals_dummy_entry, grunt_megastairs_1
Lair:3:   layout_regular_city, serial_bayou_lagoon_b, uniq_gastronok
Abyss:3:  base: Lair:3, base: D:10, evilmike_abyss_exit_4,
          hangedman_decor_riveting

Skill      XL: |  1  2  3  4  5  6  7  8  9 10 11 12 |
---------------+-------------------------------------+-----
Fighting       | 4 5 6 7 8 10 11 | 11.5
Shields        | 4 5 6 7 8 |  8.7
Armour         | 4 5 7 8 9 10 11 | 11.4
Axes           | 3 4 6 7 9 11 12 | 12.5
Dodging        | 1 2 3 4 5 |  5.5
Stealth        | 1 2 |  2.5
Polearms       | 4 9 12 | 12.0

Action                   |  1- 3 |  4- 6 |  7- 9 | 10-12 || total
-------------------------+-------+-------+-------+-------++-------
Melee: War axe           |   110 |   146 |   248 |    39 ||   543
       Headbutt          |    11 |    23 |    58 |    72 ||   164
       Halberd           |       |       |       |   405 ||   405
  Use: Scroll            |       |    12 |     5 |    10 ||    27
       Potion            |       |       |       |    12 ||    12
  Eat: Chunk             |     2 |     7 |     9 |    14 ||    32
       Ration            |       |       |     2 |     4 ||     6
Armor: Scale mail        |    42 |    88 |    64 |    89 ||   283
       Plate armour      |       |       |       |   138 ||   138
Dodge: Dodged            |    34 |    45 |    61 |   236 ||   376
Block: Kite shield       |    64 |    90 |   116 |    25 ||   295

Table legend:
 A = Non-vault XP
 B = Vault XP
 C = Vault XP percentage of total XP
 D = Non-vault monster count
 E = Vault monster count
 F = Vault count percentage of total count
                 A         B        C        D         E       F
            +---------+---------+-------+---------+---------+-------
      Total |   26578 |    5911 |  18.2 |     294 |      33 |  10.1
            +---------+---------+-------+---------+---------+-------
        D:1 |      38 |      20 |  34.5 |      22 |       9 |  29.0
        D:2 |     121 |       0 |   0.0 |      16 |       0 |   0.0
        D:3 |     177 |       0 |   0.0 |      43 |       0 |   0.0
        D:4 |      52 |     277 |  84.2 |       7 |       1 |  12.5
        D:5 |     752 |       0 |   0.0 |      19 |       0 |   0.0
        D:6 |     579 |       0 |   0.0 |      11 |       0 |   0.0
        D:7 |     645 |       0 |   0.0 |       9 |       0 |   0.0
        D:8 |    2316 |    1481 |  39.0 |      47 |       6 |  11.3
        D:9 |    2315 |       0 |   0.0 |      17 |       0 |   0.0
       D:10 |    2143 |     189 |   8.1 |      30 |       7 |  18.9
       D:11 |    4612 |    2711 |  37.0 |      22 |       5 |  18.5
     Lair:1 |    8241 |     814 |   9.0 |      31 |       3 |   8.8
     Lair:2 |    3915 |     419 |   9.7 |      18 |       2 |  10.0
    Abyss:2 |     672 |       0 |   0.0 |       2 |       0 |   0.0
            +---------+---------+-------+---------+---------+-------
